Map: Abyssal Reef LE

Players

INnoVation

  • Race: Terran Terran
  • Spawn Location: 11:00

aLive - Winner!

  • Race: Terran Terran
  • Spawn Location: 5:00

Event: IEM XI Katowice - World Championship 2017

VOD

Have the link to the VOD?

Description

Time

  • Played on: March 4, 2017, 11:04 a.m.
  • Length: 24:49

All games in this series

Show
View Real Time Build Order
Export as new Build Order

INnoVation Terran 

Build Orders: Cyclone Opening, Reaper Expand, Bio Tank 

Get SALT Encoding   

  12  0:00  SCV  
  13  0:12  SCV  
  14  0:17  Supply Depot  
  14  0:24  SCV  
  15  0:29  Refinery  
  15  0:38  SCV  
  16  0:44  Barracks  
  16  0:50  SCV  
  17  1:02  SCV  
  18  1:15  SCV  
  19  1:30  Orbital Command  
  19  1:31  Reaper  
  20  1:42  Command Center  
  20  1:52  Factory  
  20  1:56  SCV  
  21  2:06  Barracks Reactor  
  21  2:08  SCV  
  21  2:10  Refinery  
  21  2:15  Supply Depot  
  22  2:20  SCV  
  23  2:36  SCV  
  24  2:39  Cyclone  
  24  2:41  Marine x2  
  29  2:48  SCV  
  30  2:53  Orbital Command  
  30  2:58  Starport  
  30  3:00  SCV  
  30  3:01  Marine  
  30  3:04  Marine  
  33  3:11  Factory Tech Lab  
  33  3:13  SCV  
  33  3:19  Marine  
  34  3:21  Marine  
  34  3:25  SCV  
  35  3:29  SCV  
  35  3:32  Supply Depot  
  36  3:37  Marine, SCV  
  36  3:39  Marine  
  36  3:40  Raven  
  41  3:42  SCV  
  41  3:47  Widow Mine  
  44  3:49  SCV  
  44  3:53  Supply Depot  
  44  3:54  SCV  
  46  3:56  Marine  
  46  3:57  Marine  
  46  4:01  SCV  
  49  4:08  Command Center  
  49  4:11  SCV  
  49  4:13  SCV  
  49  4:15  Marine x2  
  53  4:23  Raven  
  51  4:27  SCV, Refinery  
  51  4:28  SCV  
  51  4:29  Refinery  
  51  4:30  Factory Tech Lab  
  53  4:33  Marine x2  
  55  4:39  SCV  
  55  4:40  SCV  
  57  4:46  Supply Depot  
  57  4:51  Marine, Siege Tank, SCV  
  60  5:03  SCV x2  
  61  5:15  SCV x2  
  61  5:16  Viking x2  
  67  5:22  Orbital Command  
  67  5:24  Siege Tank  
  67  5:27  SCV x2  
  71  5:40  Marine, SCV x2  
  74  5:46  Viking x2  
  74  5:49  SCV  
  73  5:52  SCV x2  
  73  5:57  Siege Tank  
  78  6:02  SCV  
  80  6:04  SCV x2  
  80  6:05  Supply Depot  
  80  6:06  Stimpack  
  80  6:07  Marine  
  82  6:13  Barracks  
  82  6:14  Orbital Command  
  82  6:16  SCV x2, Barracks  
  85  6:25  Marine  
  85  6:26  Viking  
  85  6:28  Viking  
  85  6:29  Siege Tank  
  92  6:33  Supply Depot x2  
  92  6:36  SCV  
  93  6:50  Engineering Bay  
  93  6:51  Engineering Bay  
  93  6:54  Marine, SCV x3  
  93  6:59  Supply Depot  
  93  7:01  Siege Tank  
  100  7:02  Barracks Reactor x2  
  100  7:06  SCV x3  
  103  7:10  Supply Depot  
  103  7:12  Marine  
  104  7:17  Terran Infantry Armor Level 1, Terran Infantry Weapons Level 1  
  104  7:19  SCV x3  
  104  7:22  Sensor Tower  
  107  7:26  Refinery  
  107  7:27  Refinery  
  106  7:31  SCV x3  
  106  7:33  Siege Tank  
  106  7:37  Supply Depot  
  112  7:43  Missile Turret, SCV x3  
  115  7:48  Marine x5  
  120  7:55  Supply Depot  
  120  7:57  Medivac  
  120  7:58  SCV x3, Medivac  
  124  8:06  Combat Shields, Barracks  
  124  8:07  Barracks  
  124  8:08  Siege Tank  
  125  8:12  Supply Depot  
  125  8:17  Armory, SCV x3  
  128  8:23  Sensor Tower  
  128  8:24  Marine x3  
  128  8:25  Marine x2  
  133  8:29  Medivac x2  
  137  8:36  Supply Depot  
  137  8:38  Supply Depot  
  137  8:41  Siege Tank  
  137  8:42  Marine x2  
  137  8:45  Marine x3  
  143  8:59  Barracks Reactor x2  
  143  9:00  Marine x2  
  143  9:01  Medivac x2, Barracks x2  
  149  9:05  Supply Depot  
  147  9:11  Terran Infantry Weapons Level 2, Terran Infantry Armor Level 2, Supply Depot  
  147  9:14  Marine  
  147  9:15  Marine x2  
  150  9:18  Marine x2, Terran Vehicle Weapons Level 1  
  150  9:23  Supply Depot  
  151  9:24  Missile Turret  
  151  9:25  Supply Depot  
  151  9:26  Siege Tank  
  153  9:32  Marine  
  154  9:42  Marine  
  154  9:43  Marine x7  
  154  9:45  Medivac x2  
  163  9:48  Supply Depot  
  163  9:50  Factory  
  161  9:54  Barracks Reactor x2  
  161  9:55  Command Center  
  161  10:03  Siege Tank  
  161  10:06  Marine x4  
  161  10:07  Marine  
  168  10:15  Marine x4  
  168  10:17  Medivac  
  169  10:24  Marine x5  
  171  10:33  Marine  
  171  10:34  Factory Tech Lab  
  172  10:39  Marine x4  
  172  10:40  Marine x3  
  173  10:46  Siege Tank  
  174  10:50  Marine  
  174  10:51  Marine x5  
  180  10:57  Marine x7, Siege Tank  
  190  11:08  Marine  
  191  11:15  Viking  
  191  11:16  Missile Turret, Viking  
  193  11:32  Siege Tank x2  
  188  11:33  Marine x9  
  188  11:38  Planetary Fortress  
  174  11:42  Marine x3  
  174  11:44  SCV x2  
  166  11:52  SCV  
  163  11:56  Marine, SCV x2  
  163  11:58  Marine x2  
  168  12:04  SCV  
  169  12:09  SCV x2  
  169  12:12  Marine x4  
  169  12:13  Marine x4  
  179  12:16  SCV  
  179  12:21  Terran Infantry Weapons Level 3  
  178  12:25  Terran Infantry Armor Level 3  
  178  12:30  Marine x2  
  178  12:35  SCV x3  
  178  12:36  Siege Tank  
  186  12:45  Sensor Tower  
  186  12:47  Sensor Tower, SCV x3  
  186  12:48  Liberator x2  
  191  12:58  Siege Tank  
  191  12:59  SCV x3  
  193  13:24  Siege Tank  
  193  13:25  Marine  
  194  13:30  Marine, Siege Tank  
  194  13:31  Marine, SCV  
  189  13:46  Marine, SCV  
  189  13:47  Marine x8, SCV  
  199  13:53  Marine  
  200  13:58  Terran Vehicle Weapons Level 2  
  199  14:03  Command Center  
  199  14:04  Marine  
  199  14:05  Missile Turret x2  
  200  14:15  Siege Tank x2  
  200  14:16  Marine  
  163  14:17  Marine  
  163  14:18  Marine x5  
  163  14:23  Marine x4  
  155  14:24  Marine  
  155  14:25  Marine, Medivac x2  
  155  14:30  Orbital Command  
  159  14:34  Marine  
  159  14:35  Marine  
  159  14:37  Marine x2  
  160  14:39  SCV x2  
  161  14:47  Siege Tank  
  161  14:49  Marine x2  
  161  14:50  Marine x7  
  161  14:52  Marine  
  155  14:53  Marine  
  155  14:55  Medivac x2  
  155  14:58  Marine x2  
  146  15:07  Marine x7  
  146  15:09  SCV x2  
  150  15:19  Orbital Command  
  150  15:26  Marine  
  135  15:29  SCV x3  
  135  15:30  Marine  
  139  15:35  Marine x2  
  139  15:36  Marine x2  
  139  15:41  SCV x3  
  141  15:47  Marine  
  142  15:53  SCV x3  
  142  15:55  SCV  
  146  15:57  Siege Tank x2  
  146  15:58  Marine x3  
  146  15:59  Marine x2  
  146  16:04  Marine x2  
  157  16:05  Sensor Tower, SCV x2  
  155  16:19  Marine x11  
  155  16:22  Marine x2  
  167  16:27  Sensor Tower  
  167  16:29  Siege Tank x2  
  172  16:34  Viking  
  172  16:36  Viking  
  172  16:37  Marine x7  
  181  16:41  Marine  
  181  16:43  Marine  
  181  16:44  Marine x3  
  172  16:48  Marine  
  163  16:54  Marine  
  163  16:55  Marine x3  
  167  17:04  Viking  
  168  17:09  SCV x3  
  168  17:10  Marine x3  
  166  17:19  Marine x2  
  168  17:25  SCV x3  
  169  17:34  Viking  
  151  17:44  Marine  
  149  17:53  Marine x2  
  149  17:54  Marine  
  149  17:55  Marine x2  
  145  18:01  Marine  
  145  18:02  Marine x7  
  130  18:11  Marine x2  
  130  18:12  Marine  
  131  18:13  Marine x2  
  131  18:19  Marine x4  
  126  18:20  Marine x2  
  126  18:26  Marine x2  
  126  18:38  Marine x2  
  128  18:46  Marine  
  128  18:51  Marine  
  128  18:52  Marine  
  119  19:10  Marine  
  119  19:13  Marine x4  
  119  19:15  Marine  
  125  19:22  Marine x3  
  125  19:23  Marine  
  120  19:25  Marine  
  120  19:26  Marine x2  
  117  19:32  Sensor Tower  
  117  19:38  Marine x2  
  116  19:39  Marine x2  
  116  19:41  Marine x2  
  116  19:42  Marine x3  
  123  19:48  Marine x4  
  123  19:51  SCV  
  128  19:56  Marine  
  129  20:00  Orbital Command, Medivac x2  
  129  20:01  Marine  
  129  20:02  Marine x2  
  129  20:04  Marine, SCV  
  129  20:05  Marine  
  139  20:13  Marine x4  
  139  20:14  Marine  
  144  20:16  Marine x3, SCV  
  141  20:23  Marine  
  141  20:24  Marine x3  
  135  20:36  Marine x3  
  135  20:38  Marine  
  135  20:39  Marine x3  
  135  20:40  Marine  
  129  20:48  SCV  
  130  20:54  Factory Tech Lab  
  130  21:29  Supply Depot  
  130  21:30  Supply Depot  
  130  21:32  Supply Depot x3  
  130  21:43  Marine, SCV  
  130  21:44  Marine x2  
  130  21:45  Marine  
  130  21:46  Siege Tank  
  125  21:50  Marine x2  
  125  21:51  Marine  
  106  21:56  Marine x5  
  106  22:01  Marine  
  112  22:06  Marine x3  
  112  22:08  Marine x2  
  104  22:09  Marine  
  104  22:13  Marine  
  104  22:14  Marine x4  
  110  22:19  Marine  
  110  22:24  Marine  
  104  22:38  Marine  
  104  22:39  Marine  
  104  22:43  Orbital Command  
  102  23:20  SCV  
  100  23:37  Supply Depot  
Show
View Real Time Build Order
Export as new Build Order

aLive Terran - Winner!

Build Orders: Reaper Expand, Bio Tank 

Get SALT Encoding   

  12  0:00  SCV  
  13  0:12  SCV  
  14  0:17  Supply Depot  
  14  0:24  SCV  
  14  0:28  Refinery  
  15  0:38  SCV  
  16  0:45  Barracks  
  16  0:50  SCV  
  17  1:02  SCV  
  18  1:15  SCV  
  19  1:31  Orbital Command  
  19  1:32  Reaper  
  20  1:44  Command Center  
  20  1:54  Factory  
  20  1:58  SCV  
  21  2:04  Refinery  
  21  2:06  Barracks Reactor  
  21  2:10  SCV  
  22  2:16  Supply Depot  
  22  2:22  SCV  
  23  2:37  SCV  
  23  2:39  Starport  
  23  2:40  Widow Mine  
  23  2:43  Marine x2  
  28  2:50  SCV  
  29  2:56  Orbital Command  
  29  3:01  Marine  
  29  3:02  Marine, SCV  
  32  3:11  Factory Tech Lab  
  32  3:14  Medivac  
  34  3:20  SCV  
  34  3:21  Marine x2  
  34  3:27  SCV  
  34  3:32  SCV  
  39  3:34  Siege Tank  
  39  3:40  Marine, SCV  
  41  3:44  SCV  
  41  3:48  Supply Depot  
  43  3:50  Viking  
  43  3:54  SCV  
  45  4:01  Supply Depot, SCV  
  46  4:09  Marine x2, Siege Tank, SCV  
  50  4:26  Viking  
  50  4:27  Marine x2  
  54  4:33  SCV x2, Barracks x2  
  54  4:37  Supply Depot  
  56  4:45  SCV x2  
  58  4:52  Supply Depot, Factory Reactor  
  57  4:57  SCV x2  
  59  5:05  Starport Reactor  
  57  5:08  Marine  
  57  5:09  Stimpack, SCV x2  
  57  5:12  Refinery x2  
  60  5:19  Supply Depot  
  60  5:21  SCV x2  
  60  5:27  Engineering Bay  
  61  5:33  SCV  
  61  5:34  SCV  
  63  5:36  Factory Tech Lab  
  63  5:43  Marine  
  63  5:44  Marine x3  
  63  5:48  SCV  
  63  5:49  SCV  
  68  5:53  Medivac x2  
  68  5:56  Terran Infantry Weapons Level 1  
  70  6:04  Command Center  
  70  6:07  SCV x2  
  70  6:09  Marine  
  70  6:10  Marine x4, Supply Depot  
  70  6:11  Siege Tank  
  80  6:19  SCV x2  
  82  6:27  Marine x3  
  82  6:28  Marine  
  82  6:31  Marine  
  82  6:32  Barracks x2  
  86  6:38  Supply Depot  
  86  6:39  Supply Depot, SCV  
  87  6:45  Siege Tank  
  90  6:52  SCV  
  90  6:53  Armory, SCV  
  90  6:56  Engineering Bay  
  90  6:57  Marine  
  90  6:58  Marine x2  
  93  7:06  Marine x2, Medivac  
  93  7:07  Medivac  
  99  7:11  Combat Shields  
  99  7:13  SCV x2  
  101  7:17  Orbital Command  
  101  7:19  Barracks Reactor x2  
  101  7:25  SCV  
  101  7:26  Marine x5  
  106  7:38  SCV x2  
  106  7:42  Terran Infantry Armor Level 1  
  106  7:43  Terran Vehicle Weapons Level 1  
  108  7:47  SCV  
  108  7:49  Refinery  
  108  7:50  Refinery, SCV x2  
  109  7:55  Terran Infantry Weapons Level 2  
  109  7:56  Supply Depot  
  109  7:58  Supply Depot  
  109  7:59  SCV  
  109  8:02  Marine x3, SCV x2  
  109  8:03  Marine x4  
  109  8:04  Marine  
  109  8:05  Marine  
  121  8:13  SCV  
  121  8:14  SCV x2  
  121  8:19  Factory  
  124  8:21  Supply Depot  
  124  8:23  Supply Depot  
  124  8:30  Marine x5  
  124  8:31  Marine x3  
  124  8:32  Sensor Tower  
  130  8:36  Medivac x2  
  137  8:45  Supply Depot x2  
  134  8:50  Missile Turret  
  134  8:51  Missile Turret  
  134  8:56  Marine x7, Siege Tank  
  134  8:57  Marine  
  134  8:58  Marine  
  145  9:04  Factory Tech Lab  
  145  9:07  Supply Depot  
  145  9:08  Supply Depot x2  
  145  9:09  Supply Depot  
  143  9:18  Marine x8  
  143  9:19  Marine  
  143  9:20  Medivac x2  
  156  9:24  Siege Tank  
  159  9:38  Terran Vehicle Weapons Level 2  
  159  9:39  Terran Infantry Armor Level 2  
  156  9:47  Marine x7  
  156  9:49  Siege Tank  
  168  9:56  Siege Tank, Medivac x2  
  175  10:00  Command Center  
  173  10:08  Marine  
  173  10:09  Marine x7  
  173  10:10  Marine  
  182  10:16  Terran Infantry Weapons Level 3  
  180  10:29  Marine x7  
  180  10:30  Marine  
  187  10:43  Siege Tank  
  187  10:44  Siege Tank  
  194  10:56  Marine x6  
  200  10:57  Marine x3  
  200  11:04  Barracks  
  199  11:05  Barracks  
  199  11:13  Planetary Fortress  
  199  11:17  Missile Turret x2  
  183  11:36  Marine  
  183  11:37  Marine x8  
  149  11:41  Siege Tank x2, Medivac  
  145  11:52  Medivac  
  141  11:54  Marine x2  
  141  11:55  Marine x7  
  150  12:02  Terran Infantry Armor Level 3  
  150  12:05  Terran Vehicle Weapons Level 3  
  150  12:11  Medivac  
  150  12:12  Marine  
  150  12:13  Siege Tank x2  
  150  12:14  Barracks Reactor x2  
  159  12:19  Marine  
  159  12:20  Marine x7  
  159  12:30  Marine, SCV  
  159  12:31  SCV x2  
  163  12:37  Marine  
  163  12:38  Marine x6  
  170  12:45  Siege Tank  
  170  12:48  Siege Tank, Medivac x2  
  169  13:04  Marine x3  
  167  13:06  Marine x6  
  167  13:07  Marine x3  
  167  13:09  Marine  
  177  13:17  Siege Tank  
  177  13:18  Medivac x2  
  181  13:21  Marine  
  181  13:26  Marine  
  183  13:27  Marine x7  
  190  13:40  Marine x5  
  192  13:44  Marine  
  192  13:45  Marine x4  
  193  13:50  Siege Tank x2  
  193  13:51  Marine  
  200  14:01  Orbital Command  
  166  14:20  Marine x12  
  171  14:25  Siege Tank x2, Medivac x2  
  175  14:43  Marine  
  175  14:44  Marine x9  
  168  14:55  Marine x2  
  168  14:56  Marine  
  170  15:01  Marine x2  
  170  15:02  Marine x3  
  170  15:04  Viking x2  
  170  15:05  Siege Tank x2  
  176  15:08  Marine x5  
  176  15:13  Marine x3  
  181  15:19  Marine x5  
  186  15:26  Marine x5  
  169  15:31  Marine x3  
  169  15:34  Medivac x2  
  176  15:37  Marine x5, Siege Tank x2  
  185  15:47  Marine x5  
  185  15:49  Marine x3  
  191  15:55  Marine x3  
  187  16:04  Medivac x2  
  187  16:10  Marine  
  187  16:11  Marine x4  
  190  16:25  Marine  
  190  16:26  Marine x7  
  190  16:28  Marine  
  199  16:45  Siege Tank  
  200  16:52  Marine  
  200  16:53  Marine x6  
  200  16:59  Liberator  
  200  17:00  Liberator  
  198  17:05  Sensor Tower  
  198  17:13  Marine  
  198  17:14  Marine x9  
  198  17:15  Marine, Siege Tank  
  195  17:32  Marine x5  
  183  17:45  Marine x8  
  183  17:47  Orbital Command  
  183  17:49  Marine  
  183  17:50  Marine x3  
  185  18:01  Marine  
  185  18:03  Marine x8  
  185  18:05  Siege Tank x2  
  170  18:06  Medivac x2  
  170  18:07  Marine x3  
  176  18:14  Marine  
  176  18:19  Marine  
  175  18:20  Marine  
  175  18:21  Marine x7  
  175  18:25  Marine x2  
  180  18:29  Marine  
  180  18:31  Marine  
  179  18:37  Marine, Siege Tank x2  
  179  18:38  Marine x2  
  179  18:39  Marine x3  
  191  18:48  Marine x6  
  189  18:49  Marine  
  189  18:55  Marine  
  186  18:56  Marine  
  186  18:58  Marine x4  
  191  19:06  Marine x3  
  183  19:10  Marine x4  
  183  19:11  Siege Tank  
  183  19:12  Marine  
  183  19:14  Marine  
  183  19:15  Marine  
  183  19:16  Marine x3  
  196  19:23  Marine  
  196  19:24  Marine x2  
  197  19:28  Marine x3  
  200  19:34  Medivac  
  200  19:35  Siege Tank, Medivac  
  197  19:40  Marine x3  
  191  19:45  Marine  
  191  19:46  Marine x8  
  198  19:54  Sensor Tower  
  198  20:14  Orbital Command  
  188  20:35  Marine x4  
  186  20:36  Marine x9  
  169  20:53  Marine x3  
  169  20:55  Marine x10  
  169  20:56  Siege Tank x2  
  186  20:59  Refinery  
  186  21:00  Refinery  
  186  21:01  Refinery x2  
  186  21:13  Marine  
  186  21:14  Marine x6  
  193  21:25  Marine x6  
  193  21:31  Marine x2  
  200  21:45  Marine  
  200  21:46  Marine x6  
  194  21:51  Marine  
  194  21:52  Marine x5  
  194  21:54  Siege Tank x2  
  189  22:03  Marine x4  
  189  22:04  Marine x3  
  194  22:09  Marine x6  
  192  22:16  Medivac  
  192  22:19  Medivac  
  192  22:21  Marine x7  
  198  22:24  Refinery  
  198  22:27  Marine  
  198  22:29  Marine  
  199  22:39  Marine  
  199  22:42  Marine  
  200  22:47  Command Center  
  197  23:21  Viking  
  188  23:37  Marine x6, Siege Tank x2  
  194  24:01  Planetary Fortress  
  200  24:03  Missile Turret  
  200  24:10  Medivac  
  200  24:11  Medivac  

Tags
 
Add a new tag
Caveats
  • Supply blocks, unpowered buildings, or Contaminate may cause inaccurate times.
  • Supply counts are checked every 10 seconds.